AoeStats
← nini1294

MegaRandom

510341171Analyzed
4v4 RM · 23h ago on Sep 30, 2026· 48m 24s· 8 players
Game mode
Random Map
Map size
Large (8 player)
Population
200
Speed
Normal
Resources
Standard
Victory
Conquest
Starting age
Dark Age
Ending age
Imperial Age
RankedLock teamsTeams togetherTeam positionsShared explorationLock speedFull tech treeHidden civsTurbo modeCheats
Victory
Defeat
🇮🇳 Bohemians · India
1004
+10
🇮🇳 Ethiopians · India
988
+11
🇮🇳 Magyars · India
804
+18
🇮🇳 Franks · India
796
+18
🇺🇸 Shu · United States
904
-16
🇬🇧 Japanese · United Kingdom
888
-15
🇨🇦 Byzantines · Canada
861
-14
🇺🇸 Persians · United States
805
-12
ᅚᅚ
0:49 Loom
11:37 Feudal Age
17:00 Double-Bit Axe
19:08 Horse Collar
23:41 Castle Age
22:31 Fletching
39:11 Bodkin Arrow
42:41 Padded Archer Armor
43:43 Leather Archer Armor
42:56 Elite Skirmisher
44:36 Heavy Plow
45:35 Bow Saw
47:00 Murder Holes
47:27 Ballistics
D4RKK
10:19 Feudal Age
10:58 Double-Bit Axe
10:54 Horse Collar
11:38 Loom
13:52 Gold Mining
17:34 Castle Age
17:28 Stone Mining
26:55 Bow Saw
29:26 Pikeman
30:06 Squires
31:38 Wheelbarrow
32:30 Scale Barding Armor
32:25 Padded Archer Armor
35:16 Kamandaran
34:39 Crossbowman
35:52 Parthian Tactics
36:47 Leather Archer Armor
36:23 Fletching
42:52 Imperial Age
43:02 Elite War Elephant
44:52 Ring Archer Armor
44:42 Chain Barding Armor
45:11 Bloodlines
45:49 Chain Barding Armor
46:00 Ring Archer Armor
45:58 Husbandry
45:19 Cavalier
Gauntlet
9:55 Feudal Age
10:45 Loom
14:17 Castle Age
15:44 Double-Bit Axe
16:05 Fletching
16:23 Crossbowman
17:46 Horse Collar
19:58 Bodkin Arrow
21:50 Padded Archer Armor
24:18 Leather Archer Armor
24:09 Thumb Ring
24:05 Light Cavalry
24:59 Forging
26:17 Wheelbarrow
25:55 Bow Saw
25:46 Heavy Plow
30:35 Scale Barding Armor
33:12 Hand Cart
33:06 Gold Mining
35:13 Chain Barding Armor
37:33 Imperial Age
35:16 Husbandry
37:49 Fervor
37:10 Elite Skirmisher
38:26 Scale Mail Armor
38:53 Stone Mining
39:07 Town Watch
40:17 Conscription
41:04 Heavy Hei Guang Cavalry
43:09 Pikeman
45:06 Bracer
46:55 Chain Mail Armor
46:38 Halberdier
No name1406
0:46 Loom
12:10 Feudal Age
12:53 Double-Bit Axe
15:11 Town Watch
16:16 Man-at-Arms
20:25 Wheelbarrow
22:23 Fletching
23:56 Forging
26:26 Scale Mail Armor
27:27 Horse Collar
29:56 Castle Age
30:35 Pikeman
31:54 Iron Casting
34:11 Hand Cart
33:56 Bodkin Arrow
34:39 Thumb Ring
36:55 Gambesons
41:39 Chain Mail Armor
44:02 Imperial Age
42:36 Squires
42:27 Arson
don
0:51 Loom
10:13 Feudal Age
10:53 Double-Bit Axe
11:47 Horse Collar
16:21 Bloodlines
18:49 Stone Mining
22:40 Castle Age
20:55 Gold Mining
21:52 Scale Barding Armor
23:45 Bow Saw
24:10 Husbandry
25:31 Gold Shaft Mining
26:29 Wheelbarrow
27:04 Corvinian Army
31:20 Imperial Age
32:28 Conscription
34:34 Elite Magyar Huszar
36:29 Caravan
37:02 Coinage
38:59 Chain Barding Armor
40:07 Banking
Scorp1onK1ng7
7:01 Loom
12:09 Feudal Age
12:34 Horse Collar
12:41 Double-Bit Axe
20:51 Town Watch
25:37 Castle Age
28:42 Heavy Plow
30:11 Wheelbarrow
29:37 Town Patrol
33:19 Stone Mining
41:59 Gold Mining
45:55 Imperial Age
43:57 Ballistics
45:24 Stone Shaft Mining
45:54 Coinage
45:24 Caravan
45:54 Squires
45:39 Arson
47:42 Chemistry
46:38 Murder Holes
47:55 Conscription
48:02 Sappers
sahilraveen1
5:49 Loom
10:26 Feudal Age
20:03 Castle Age
19:12 Forging
19:08 Scale Barding Armor
19:34 Double-Bit Axe
21:58 Iron Casting
28:17 Scale Mail Armor
32:47 Chain Mail Armor
34:16 Fletching
36:19 Wheelbarrow
39:49 Imperial Age
38:41 Hand Cart
39:24 Chain Barding Armor
40:12 Cavalier
41:34 Plate Barding Armor
42:00 Blast Furnace
41:27 Conscription
41:09 Chivalry
43:29 Paladin
45:31 Plate Mail Armor
44:51 Town Watch
nini1294
7:19 Loom
9:51 Feudal Age
16:53 Castle Age
14:40 Double-Bit Axe
20:43 Chemistry
25:36 Fletching
25:50 Padded Archer Armor
31:55 Leather Archer Armor
32:24 Wheelbarrow
32:17 Horse Collar
33:00 Bow Saw
35:01 Hand Cart
36:49 Fletching
37:22 Town Watch
40:11 Imperial Age
46:10 Houfnice
48:35 Caravan
Connection lost

Rejoining the realm…

Still unreachable

The connection could not be restored.

Session expired

The server has moved on; the page needs a fresh start.